[Event "Titled Tuesday Blitz January 03 Early 2023"]
[White "djokovic74"]
[Black "Tarnowska, Aleksandra"]
[BlackFideId "1180967"]
[WhiteElo "2575"]
[BlackElo "1835"]
[Result "1-0"]
[Round "01"]
[TimeControl "180+2"]
[Date "2023.01.03"]
[WhiteClock "0:00:11"]
[BlackClock "0:00:02"]

1. e4 c5 2. Nf3 e6 3. d4 cxd4 4. Nxd4 a6 5. c4 Nf6 6. Nc3 Bb4 7. Qd3 Nc6 8. Nxc6 bxc6 9. Be2 d5 10. exd5 cxd5 11. O-O O-O 12. Bg5 dxc4 13. Qxc4 Be7 14. Bf4 Bb7 15. Rfd1 Qb6 16. Be3 Qc6 17. Qxc6 Bxc6 18. Rac1 Be4 19. Nxe4 Nxe4 20. Bf3 f5 21. Bxe4 fxe4 22. Rc4 Bf6 23. b3 Rfd8 24. Rdc1 Rd5 25. Rxe4 Rad8 26. g3 Rd1+ 27. Rxd1 Rxd1+ 28. Kg2 Kf7 29. Ra4 Rd6 30. Rc4 h6 31. Kf3 g5 32. Ke2 Kg6 33. Bc5 Rc6 34. Kd3 Rc8 35. Be3 Rd8+ 36. Ke2 Rd6 37. a4 Bb2 38. b4 Kf5 39. b5 axb5 40. axb5 Be5 41. Rc8 Rd7 42. b6 Rb7 43. Kd3 Bb2 44. Kc4 e5 45. Kb5 1-0


[Site "https://www.chess.com"]

[Event "Titled Tuesday Blitz January 03 Early 2023"]
[White "De Souza, Cristiano Gomes"]
[Black "Swayams, Mishra"]
[WhiteFideId "2151758"]
[BlackFideId "5028183"]
[WhiteElo "2018"]
[BlackElo "2489"]
[Result "0-1"]
[Round "01"]
[TimeControl "180+2"]
[Date "2023.01.03"]
[WhiteClock "0:01:09"]
[BlackClock "0:00:21"]

1. d4 e6 2. c4 b6 3. a3 Bb7 4. Nc3 f5 5. Nf3 Nf6 6. g3 Ne4 7. Qc2 Nxc3 8. Qxc3 Be7 9. Bg2 Bf6 10. O-O O-O 11. Rd1 d6 12. b4 a5 13. Bb2 axb4 14. axb4 Nd7 15. Ne1 Bxg2 16. Nxg2 Rxa1 17. Bxa1 c5 18. bxc5 bxc5 19. e3 Qe7 20. Nf4 g5 21. Ne2 Rc8 22. Qd3 cxd4 23. exd4 Nb6 24. Rc1 Kg7 25. Qb3 Qa7 26. Bb2 Qa6 27. h4 gxh4 28. Nf4 Rxc4 29. Nh5+ Kg6 30. Nxf6 Rxc1+ 31. Bxc1 Kxf6 32. Qe3 Ke7 33. Qg5+ Kd7 34. Qg7+ Kc6 35. Bf4 Nd5 36. Qxh7 Nxf4 37. gxf4 Qa1+ 38. Kh2 Qxd4 39. Qxh4 Kd5 40. Qg3 Ke4 41. f3+ Kd5 42. Kg2 Qd2+ 43. Kh3 Qd1 44. Kg2 Qe2+ 45. Kh3 Kd4 46. Qg1+ Kd3 47. Kg3 Kd2 48. Qa1 Qe1+ 49. Qxe1+ Kxe1 50. Kh4 Kf2 51. Kg5 Kxf3 52. Kf6 d5 53. Kxe6 Ke4 54. Kd6 d4 55. Kc5 d3 56. Kc4 d2 57. Kc3 d1=Q 0-1


[Site "https://www.chess.com"]

[Event "Titled Tuesday Blitz January 03 Early 2023"]
[White "Aaditya Dhingra"]
[Black "Liu, Kelsey"]
[WhiteFideId "25678191"]
[BlackFideId "30944481"]
[WhiteElo "2027"]
[BlackElo "2065"]
[Result "1/2-1/2"]
[Round "01"]
[TimeControl "180+2"]
[Date "2023.01.03"]
[WhiteClock "0:00:27"]
[BlackClock "0:00:06"]

1. e4 c5 2. Nc3 Nc6 3. g3 e6 4. Bg2 Nf6 5. f4 d5 6. e5 Nd7 7. Nf3 Be7 8. O-O Rb8 9. a4 a6 10. Qe2 c4 11. d3 b5 12. axb5 axb5 13. dxc4 bxc4 14. Kh1 O-O 15. f5 d4 16. f6 dxc3 17. fxe7 Qxe7 18. bxc3 Rd8 19. Ba3 Qe8 20. Bd6 Rb2 21. Ng5 Ndxe5 22. Bxe5 Nxe5 23. Qxe5 f6 24. Qc5 fxg5 25. Qxc4 Rxc2 26. Ra7 Rdd2 27. Qc7 Rd7 28. Qa5 Rxa7 29. Qxa7 Rxc3 30. Qd4 Rc7 31. Kg1 Qd7 32. Qf2 Qe7 33. Bh3 Qc5 34. Qxc5 Rxc5 35. Re1 Rc6 36. Rf1 Rd6 37. Bg2 Rb6 38. Bh3 Rd6 39. Rf2 Rb6 40. Rf1 Rd6 1/2-1/2


[Site "https://www.chess.com"]

[Event "Titled Tuesday Blitz January 03 Early 2023"]
[White "Tsotsonava, Elene"]
[Black "Guzman, Christopher"]
[WhiteFideId "13615939"]
[BlackFideId "6405096"]
[WhiteElo "2053"]
[BlackElo "2271"]
[Result "1-0"]
[Round "01"]
[TimeControl "180+2"]
[Date "2023.01.03"]
[WhiteClock "0:01:32"]
[BlackClock "0:00:59"]

1. e4 e5 2. Nf3 Nc6 3. Bb5 a6 4. Ba4 b5 5. Bb3 Nf6 6. O-O Nxe4 7. d4 d5 8. dxe5 Be6 9. Nbd2 Nc5 10. c3 d4 11. Bxe6 Nxe6 12. cxd4 Ncxd4 13. Nxd4 Qxd4 14. Nf3 Qxd1 15. Rxd1 c5 16. Be3 Be7 17. Nd2 O-O-O 18. Ne4 Kb7 19. Kf1 Kc6 20. f4 g6 21. Ke2 h5 22. g3 a5 23. h3 a4 24. Rxd8 Rxd8 25. Rc1 b4 26. g4 hxg4 27. hxg4 Nd4+ 28. Bxd4 Rxd4 29. Ke3 Kb5 30. f5 gxf5 31. gxf5 Rd5 32. Kf4 c4 33. f6 Bd8 34. Ng5 Rd7 35. Kf5 Bc7 36. Nxf7 Rxf7 37. e6 Rh7 38. e7 Rh5+ 39. Ke6 Re5+ 40. Kf7 b3 41. axb3 cxb3 42. e8=Q+ Rxe8 43. Kxe8 Bd6 44. Rd1 Bc5 45. Rd5 a3 46. Rxc5+ Kxc5 47. f7 axb2 48. f8=Q+ Kc4 49. Qf1+ Kc3 50. Qb1 1-0


[Site "https://www.chess.com"]

[Event "Titled Tuesday Blitz January 03 Early 2023"]
[White "Vlassov, Nikolai"]
[Black "Putri, Regita Desyari"]
[WhiteFideId "4103360"]
[BlackFideId "7109083"]
[WhiteElo "2283"]
[BlackElo "1863"]
[Result "1-0"]
[Round "01"]
[TimeControl "180+2"]
[Date "2023.01.03"]
[WhiteClock "0:00:28"]
[BlackClock "0:00:14"]

1. e4 e5 2. Bc4 Nf6 3. d3 Nc6 4. Nf3 Bc5 5. Bg5 O-O 6. Nc3 Be7 7. Qe2 Nd4 8. Nxd4 exd4 9. Bxf6 Bxf6 10. Nd5 c6 11. Nxf6+ Qxf6 12. O-O b5 13. Bb3 a5 14. a4 b4 15. f4 d6 16. g4 Qh4 17. f5 Kh8 18. Kh1 c5 19. Rg1 f6 20. Rg3 Bb7 21. Rag1 h6 22. Qf3 Rad8 23. Rh3 Qg5 24. Qg2 Rfe8 25. Be6 Bc8 26. Bd5 Bd7 27. b3 Qf4 28. Rf1 Qe5 29. g5 fxg5 30. Qxg5 Rf8 31. Rxh6+ 1-0


[Site "https://www.chess.com"]

[Event "Titled Tuesday Blitz January 03 Early 2023"]
[White "Thiel, Thomas"]
[Black "Ashraf, Artin"]
[WhiteFideId "4615964"]
[BlackFideId "22514805"]
[WhiteElo "2234"]
[BlackElo "2314"]
[Result "0-1"]
[Round "01"]
[TimeControl "180+2"]
[Date "2023.01.03"]
[WhiteClock "0:01:31"]
[BlackClock "0:01:29"]

1. e4 Nc6 2. Nf3 e5 3. d4 exd4 4. Nxd4 Nf6 5. Nxc6 bxc6 6. e5 Qe7 7. Qe2 Nd5 8. h4 d6 9. c3 dxe5 10. c4 Nf6 11. Nc3 h6 12. g3 Bg4 13. Qe3 Qe6 14. Bd2 Be7 15. f3 Bf5 16. g4 Bg6 17. h5 Bh7 18. Bh3 Qxc4 19. Qxe5 O-O 20. g5 Bd6 21. Qe2 Rfe8 22. Be3 Rxe3 23. Qxe3 Re8 24. Qxe8+ Nxe8 0-1


[Site "https://www.chess.com"]

[Event "Titled Tuesday Blitz January 03 Early 2023"]
[White "Levitskiy, Andrey"]
[Black "Lesbekova, Assel"]
[WhiteFideId "14132885"]
[BlackFideId "13713248"]
[WhiteElo "2304"]
[BlackElo "1772"]
[Result "1-0"]
[Round "01"]
[TimeControl "180+2"]
[Date "2023.01.03"]
[WhiteClock "0:00:43"]
[BlackClock "0:01:19"]

1. e4 c5 2. Nf3 Nc6 3. d4 cxd4 4. Nxd4 e5 5. Nb5 d6 6. N1c3 a6 7. Na3 b5 8. Nd5 Nce7 9. Bd3 Nxd5 10. exd5 f5 11. O-O Nf6 12. c4 bxc4 13. Nxc4 Be7 14. Bd2 O-O 15. Ba5 Qe8 16. Qb3 e4 17. Be2 f4 18. Rfe1 f3 19. gxf3 Qg6+ 20. Kh1 Bh3 21. Bf1 Bxf1 22. Rxf1 exf3 23. Rg1 Qh5 24. Ne3 Ne4 25. Qc2 Qh4 26. Raf1 Rf6 27. Rg4 Nxf2+ 28. Qxf2 Qh3 29. Qg3 Qh6 30. Bc3 Rg6 31. Nf5 1-0


[Site "https://www.chess.com"]

[Event "Titled Tuesday Blitz January 03 Early 2023"]
[White "Barbot, Pierre"]
[Black "Aldokhin, Ivan"]
[WhiteFideId "663727"]
[BlackFideId "24115720"]
[WhiteElo "2458"]
[BlackElo "2413"]
[Result "0-1"]
[Round "01"]
[TimeControl "180+2"]
[Date "2023.01.03"]
[WhiteClock "0:00:03"]
[BlackClock "0:01:14"]

1. e4 c5 2. Nf3 e6 3. d4 cxd4 4. Nxd4 a6 5. Nc3 Qc7 6. Be3 Nf6 7. f3 b5 8. Be2 b4 9. Nb1 d5 10. Nd2 Bb7 11. exd5 Nxd5 12. Bf2 Bd6 13. Ne4 Bf4 14. Qd3 Nd7 15. g3 Bh6 16. O-O O-O 17. f4 g6 18. Bf3 Bg7 19. Bg2 e5 20. fxe5 Nxe5 21. Qb3 Ng4 22. Ne2 Nxf2 23. Rxf2 a5 24. Raf1 a4 25. Qd3 Rad8 26. Qb5 Ne3 27. Re1 Nxg2 0-1


[Site "https://www.chess.com"]

[Event "Titled Tuesday Blitz January 03 Early 2023"]
[White "Maksimenko, Viktor"]
[Black "MIM06"]
[WhiteFideId "13710478"]
[WhiteElo "2196"]
[BlackElo "2273"]
[Result "1-0"]
[Round "01"]
[TimeControl "180+2"]
[Date "2023.01.03"]
[WhiteClock "0:02:49"]
[BlackClock "0:02:27"]

1. d4 Nf6 2. Nf3 g6 3. c4 Bg7 4. Nc3 d5 5. cxd5 Nxd5 6. e4 Nxc3 7. bxc3 c5 8. Bb5+ Bd7 9. Be2 O-O 10. O-O Nc6 11. Be3 Bg4 12. d5 Bxf3 13. Bxf3 Ne5 14. Be2 Rc8 15. f4 Nd7 16. Rb1 b6 17. c4 Nf6 18. Bf3 Qd7 19. e5 Ne8 20. Bg4 e6 21. dxe6 Qxd1 22. exf7+ Rxf7 23. Rbxd1 Rc6 24. Bd7 Rc7 25. Bxe8 1-0


[Site "https://www.chess.com"]

[Event "Titled Tuesday Blitz January 03 Early 2023"]
[White "Lakshmi C"]
[Black "Sharifov, Mekhriddin"]
[WhiteFideId "25035347"]
[BlackFideId "14701545"]
[WhiteElo "1928"]
[BlackElo "2209"]
[Result "0-1"]
[Round "01"]
[TimeControl "180+2"]
[Date "2023.01.03"]
[WhiteClock "0:00:03"]
[BlackClock "0:01:10"]

1. d4 Nf6 2. c4 e6 3. Nc3 Bb4 4. Nf3 b6 5. a3 Bxc3+ 6. bxc3 Bb7 7. g3 O-O 8. Bg2 d6 9. O-O Nbd7 10. Re1 Ne4 11. Qc2 c5 12. Ng5 Nxg5 13. Bxb7 Rb8 14. Bg2 h6 15. h4 Nh7 16. e4 e5 17. Be3 Qe7 18. f4 Nhf6 19. Bf3 Rbc8 20. d5 Rfe8 21. Bf2 Nf8 22. f5 g6 23. g4 N6d7 24. Qd2 g5 25. hxg5 hxg5 26. Kg2 Nh7 27. Rh1 Ndf8 28. Rh6 f6 29. Rah1 Rc7 30. R1h5 Qd7 31. Bd1 Re7 32. Qe1 Rg7 33. Rh1 Qc8 34. a4 Qa6 35. Qe2 Qa5 36. Be1 Rb7 37. Qd3 a6 38. Qc2 b5 39. axb5 axb5 40. cxb5 Qxb5 41. c4 Qb2 42. Bc3 Qxc2+ 43. Bxc2 Ra7 44. Rb1 Rgb7 45. Rhh1 Nd7 46. Rxb7 Rxb7 47. Ba4 Nhf8 48. Bb5 Ra7 49. Ra1 Rxa1 50. Bxa1 Kf7 51. Bc3 Ke7 52. Ba5 Nb8 53. Kf2 Nfd7 54. Ke2 Nf8 55. Kd3 Kf7 56. Kc2 Ng6 57. Bc7 Nf4 58. Bxb8 Ke7 59. Bc7 Ne2 60. Ba5 Nd4+ 61. Kd3 Nf3 62. Bc6 Nh2 63. Ke2 Nxg4 64. Kf3 Nh6 65. Kg3 g4 66. Bd2 Nf7 67. Kxg4 Nd8 68. Kh5 Kf7 69. Kh6 Ke7 70. Ba5 Nf7+ 71. Kg7 Ng5 72. Bd8+ Kxd8 73. Kxf6 Nxe4+ 74. Ke6 Ng5+ 75. Kxd6 e4 76. f6 e3 77. Ba4 e2 78. f7 Nxf7+ 79. Kxc5 e1=Q 80. d6 Qa5+ 0-1


[Site "https://www.chess.com"]

[Event "Titled Tuesday Blitz January 03 Early 2023"]
[White "Maevsky, Nikolay"]
[Black "Hartikainen, Jarmo"]
[WhiteFideId "4198220"]
[BlackFideId "503134"]
[WhiteElo "2277"]
[BlackElo "2108"]
[Result "1-0"]
[Round "01"]
[TimeControl "180+2"]
[Date "2023.01.03"]
[WhiteClock "0:00:47"]
[BlackClock "0:00:07"]

1. d4 Nf6 2. Nf3 g6 3. c4 Bg7 4. Nc3 d5 5. cxd5 Nxd5 6. e4 Nxc3 7. bxc3 O-O 8. Rb1 c5 9. Be2 Qc7 10. O-O b6 11. Bg5 Bb7 12. Qd3 e6 13. Rfd1 Nd7 14. e5 Qc6 15. h4 h6 16. Be3 Rad8 17. Bf1 cxd4 18. cxd4 Nc5 19. Qa3 Qa4 20. Qc1 Ne4 21. Bxh6 Rc8 22. Qe3 Nc3 23. Bxg7 Kxg7 24. Re1 Nxb1 25. Rxb1 Bxf3 26. Qxf3 Qc2 27. Rd1 Rh8 28. g3 Qf5 29. Qe3 Rc2 30. Bd3 Qh3 31. Bxc2 g5 32. Qxg5+ Kf8 33. Be4 1-0


[Site "https://www.chess.com"]

[Event "Titled Tuesday Blitz January 03 Early 2023"]
[White "Bommini, Mounika Akshaya"]
[Black "Cnejev, Vladimir-Alexandru"]
[WhiteFideId "25019872"]
[BlackFideId "1260898"]
[WhiteElo "2118"]
[BlackElo "2374"]
[Result "0-1"]
[Round "01"]
[TimeControl "180+2"]
[Date "2023.01.03"]
[WhiteClock "0:00:08"]
[BlackClock "0:00:07"]

1. d4 d5 2. Bf4 Nf6 3. e3 e6 4. Nd2 c5 5. c3 Bd6 6. Bg3 Qc7 7. Ngf3 Nbd7 8. Bd3 O-O 9. O-O Bxg3 10. hxg3 e5 11. dxe5 Nxe5 12. Nxe5 Qxe5 13. Nf3 Qh5 14. c4 Be6 15. Qe2 Rfe8 16. Rfd1 d4 17. exd4 Bg4 18. Qf1 cxd4 19. Be2 Rad8 20. Rd3 Bf5 21. Rxd4 Ng4 22. Rad1 Rxd4 23. Rxd4 g5 24. Bd3 Bxd3 25. Rxd3 Re6 26. Qd1 Rh6 27. Rd8+ Kg7 28. Qd4+ Nf6 29. Nh4 gxh4 30. Rd5 Qg6 31. gxh4 Rh5 32. Rd6 Rf5 33. g4 Qxg4+ 34. Qxg4+ Nxg4 35. Rd5 Rxd5 36. cxd5 Kf6 37. Kg2 Ke5 38. Kg3 Nf6 39. d6 Kxd6 40. Kf4 Ke6 41. Kg5 Ne4+ 42. Kh6 Nxf2 43. Kxh7 f5 44. h5 f4 45. Kg7 Ng4 0-1


[Site "https://www.chess.com"]

[Event "Titled Tuesday Blitz January 03 Early 2023"]
[White "Christie, Joshua"]
[Black "Kuchava, Ana"]
[WhiteFideId "7402074"]
[BlackFideId "13605348"]
[WhiteElo "2294"]
[BlackElo "2101"]
[Result "1-0"]
[Round "01"]
[TimeControl "180+2"]
[Date "2023.01.03"]
[WhiteClock "0:00:11"]
[BlackClock "0:00:06"]

1. Nf3 d5 2. b3 c5 3. Bb2 Nc6 4. e3 Nf6 5. Bb5 Bd7 6. O-O a6 7. Bxc6 Bxc6 8. Ne5 Qc7 9. d3 e6 10. Nd2 Bd6 11. f4 O-O 12. Qe1 b5 13. Qg3 Bb7 14. Ndf3 c4 15. Nxc4 Be7 16. Be5 Qc5 17. Bxf6 Bxf6 18. Nce5 Rad8 19. Qf2 Be7 20. Rac1 f6 21. d4 Qa3 22. Nd3 Rc8 23. c3 b4 24. c4 dxc4 25. Nc5 Bxc5 26. dxc5 c3 27. Nd4 Kf7 28. f5 e5 29. Ne6 Rfe8 30. Qg3 Rg8 31. Qh3 Bd5 32. Qh5+ Ke7 33. Qxh7 Bxe6 34. fxe6 Rxc5 35. Qg6 Kxe6 36. Rcd1 Qa5 37. Qg4+ Ke7 38. Rd7+ Kf8 39. Qe6 1-0


[Site "https://www.chess.com"]

[Event "Titled Tuesday Blitz January 03 Early 2023"]
[White "Ciuffoletti, Paolo"]
[Black "Tologon tegin, Semetei"]
[WhiteFideId "807630"]
[BlackFideId "13800574"]
[WhiteElo "2106"]
[BlackElo "2372"]
[Result "1-0"]
[Round "01"]
[TimeControl "180+2"]
[Date "2023.01.03"]
[WhiteClock "0:00:13"]
[BlackClock "0:00:21"]

1. e4 e5 2. Nf3 Nc6 3. Bc4 Bc5 4. b4 Bb6 5. a4 a6 6. Nc3 d6 7. Nd5 Ba7 8. d3 h6 9. h3 Nf6 10. c3 O-O 11. O-O Nxd5 12. exd5 Ne7 13. d4 exd4 14. Nxd4 Ng6 15. Be3 Qf6 16. Qf3 Qxf3 17. Nxf3 Bxe3 18. fxe3 Re8 19. Rae1 Bf5 20. Nd2 Re5 21. Rf2 Rae8 22. Rfe2 R5e7 23. e4 Bd7 24. a5 Ne5 25. Bb3 Nd3 26. Rf1 f5 27. Bc2 fxe4 28. Nxe4 Rxe4 29. Rxe4 Rxe4 30. Bxd3 Re3 31. Rf3 Rxf3 32. gxf3 Bxh3 33. c4 g5 34. c5 dxc5 35. bxc5 Kf7 36. c6 Bc8 37. Bf5 bxc6 38. Bxc8 cxd5 39. Bxa6 Ke7 40. Bb7 d4 41. a6 d3 42. Kf2 d2 43. Ke2 h5 44. a7 h4 45. a8=Q h3 46. Qc8 h2 47. Qxc7+ Kf6 48. Qxh2 d1=Q+ 49. Kxd1 1-0


[Site "https://www.chess.com"]

[Event "Titled Tuesday Blitz January 03 Early 2023"]
[White "Filgueira, Hernan"]
[Black "Broca Jimenez, Fernando"]
[WhiteFideId "101770"]
[BlackFideId "5104742"]
[WhiteElo "2283"]
[BlackElo "2075"]
[Result "1-0"]
[Round "01"]
[TimeControl "180+2"]
[Date "2023.01.03"]
[WhiteClock "0:01:43"]
[BlackClock "0:00:04"]

1. e4 c5 2. Nf3 d6 3. Bb5+ Nd7 4. c3 Nf6 5. Qe2 e5 6. Ba4 Be7 7. d3 O-O 8. O-O Nb6 9. Bc2 Bg4 10. h3 Bh5 11. Rd1 d5 12. Nbd2 d4 13. Nf1 Nfd7 14. Ng3 Bg6 15. Nh2 f5 16. exf5 Bxf5 17. Nxf5 Rxf5 18. Bb3+ Kh8 19. Qg4 Rf8 20. Nf3 Qc7 21. Bg5 Nf6 22. Qh4 a5 23. a4 Rae8 24. cxd4 exd4 25. Rac1 Bd6 26. Nxd4 Qd8 27. Ne6 Rxe6 28. Bxe6 Bc7 29. g3 Qd6 30. Bb3 Nfd5 31. Re1 Nd7 32. Be7 Nxe7 33. Qxe7 1-0


[Site "https://www.chess.com"]

[Event "Titled Tuesday Blitz January 03 Early 2023"]
[White "Alfaro, William"]
[Black "Renjith, Sravan"]
[WhiteFideId "6100457"]
[BlackFideId "4306783"]
[WhiteElo "2134"]
[BlackElo "2172"]
[Result "1/2-1/2"]
[Round "01"]
[TimeControl "180+2"]
[Date "2023.01.03"]
[WhiteClock "0:00:57"]
[BlackClock "0:00:16"]

1. Nf3 d5 2. g3 c6 3. Bg2 Nf6 4. O-O g6 5. d3 Bg7 6. Nbd2 O-O 7. e4 Bg4 8. Re1 Nbd7 9. h3 Bxf3 10. Nxf3 e5 11. Bg5 Qc7 12. Qe2 Rfe8 13. Rad1 dxe4 14. dxe4 Nc5 15. Nd2 Ne6 16. Be3 Nd4 17. Qc4 Rad8 18. a4 Rd7 19. Nb3 Nxb3 20. Qxb3 b6 21. Qc4 Red8 22. Rxd7 Qxd7 23. b4 Ne8 24. Kh2 Nd6 25. Qc3 Qc7 26. Rd1 Nb7 27. Rxd8+ Nxd8 28. a5 Ne6 29. axb6 axb6 30. Qd3 Nd4 31. c3 Ne6 32. Bf3 Bf8 33. Qa6 b5 34. Qa8 Kg7 35. Bg4 Qd7 36. Kg2 h5 37. Bf3 c5 38. bxc5 Bxc5 39. Qd5 Qc7 40. Bc1 Be7 41. Bb2 Qc5 42. c4 bxc4 43. Bxe5+ Kh7 44. Qxc5 Nxc5 45. Be2 f6 46. Bd4 Nxe4 47. Bxc4 Nd6 48. Bd3 Kg7 49. h4 Kf7 50. Kf3 f5 51. Kf4 Bf6 52. Bxf6 Kxf6 53. f3 Nf7 54. g4 hxg4 55. fxg4 fxg4 56. Be2 Ne5 57. Bxg4 Nd3+ 58. Kg3 Ke5 59. Bd1 Nf4 60. Kg4 Ne6 61. Bc2 Kf6 62. Bb3 Ng7 63. Bc2 Nf5 64. Bxf5 gxf5+ 65. Kf4 Kg6 66. h5+ Kxh5 67. Kxf5 1/2-1/2


[Site "https://www.chess.com"]

[Event "Titled Tuesday Blitz January 03 Early 2023"]
[White "Melian, Juan Sebastian"]
[Black "Coelho, Ramyres Santana"]
[WhiteFideId "3706575"]
[BlackFideId "2120690"]
[WhiteElo "2293"]
[BlackElo "1981"]
[Result "0-1"]
[Round "01"]
[TimeControl "180+2"]
[Date "2023.01.03"]
[WhiteClock "0:00:08"]
[BlackClock "0:00:28"]

1. e4 c5 2. Nf3 d6 3. c3 Nf6 4. h3 g6 5. Bd3 Nc6 6. Bc2 Bg7 7. O-O O-O 8. d4 cxd4 9. cxd4 b6 10. Nc3 Ba6 11. Re1 Bb7 12. Bf4 Nxd4 13. Nxd4 e5 14. Be3 exd4 15. Bxd4 Re8 16. Qd2 Rc8 17. Rad1 d5 18. exd5 Rxe1+ 19. Qxe1 Nxd5 20. Bxg7 Kxg7 21. Bb3 Rxc3 22. bxc3 Qg5 23. Bxd5 Bxd5 24. g3 Bxa2 25. Qd2 Qxd2 26. Rxd2 Bc4 27. Rd7 a5 28. Rb7 b5 29. Ra7 a4 30. f4 Kf6 31. Ra6+ Kf5 32. Kf2 Ke4 33. Rd6 a3 34. Rd1 a2 35. h4 Bb3 36. Re1+ Kd3 37. f5 Kxc3 38. f6 Kb2 39. Ke3 a1=Q 40. Rxa1 Kxa1 41. Kf4 Be6 42. Kg5 h5 43. Kh6 b4 44. g4 hxg4 0-1


[Site "https://www.chess.com"]

[Event "Titled Tuesday Blitz January 03 Early 2023"]
[White "De Souza Sa, Apolo"]
[Black "Gascon Del Nogal, Jose Rafael"]
[WhiteFideId "324225390"]
[BlackFideId "3902463"]
[WhiteElo "1929"]
[BlackElo "2459"]
[Result "0-1"]
[Round "01"]
[TimeControl "180+2"]
[Date "2023.01.03"]
[WhiteClock "0:01:00"]
[BlackClock "0:01:34"]

1. d4 Nf6 2. c4 g6 3. f3 Bg7 4. e4 d6 5. Nc3 O-O 6. Nge2 c5 7. d5 e6 8. Ng3 exd5 9. cxd5 h5 10. Be2 h4 11. Nf1 Nh7 12. Be3 f5 13. exf5 gxf5 14. Qd2 Qf6 15. Bf4 Nd7 16. Ne3 Ne5 17. O-O Ng6 18. g3 hxg3 19. hxg3 Nxf4 20. gxf4 Qd4 21. Rad1 Qxf4 22. Nc4 Qg3+ 23. Kh1 Qh3+ 24. Kg1 Bd4+ 0-1


[Site "https://www.chess.com"]

[Event "Titled Tuesday Blitz January 03 Early 2023"]
[White "Fiorito, Francisco"]
[Black "Adury, Anant"]
[WhiteFideId "180165"]
[BlackFideId "30964687"]
[WhiteElo "2305"]
[BlackElo "2123"]
[Result "0-1"]
[Round "01"]
[TimeControl "180+2"]
[Date "2023.01.03"]
[WhiteClock "0:00:09"]
[BlackClock "0:00:05"]

1. Nf3 Nf6 2. d4 d6 3. Bf4 Nc6 4. e3 Bg4 5. h3 Bh5 6. Be2 e6 7. O-O Be7 8. c4 O-O 9. Nc3 Re8 10. Bh2 Bf8 11. Re1 e5 12. Rc1 exd4 13. Nxd4 Bxe2 14. Ndxe2 Ne4 15. b3 Nxc3 16. Nxc3 g6 17. Nd5 Bg7 18. c5 Be5 19. Qf3 f5 20. Red1 Kg7 21. cxd6 Qxd6 22. Bxe5+ Qxe5 23. Qf4 Rac8 24. Qxe5+ Rxe5 25. Nf4 Re7 26. Rc5 Kf7 27. Rcd5 Rce8 28. Rd7 Rxd7 29. Rxd7+ Re7 30. Rd2 Ke8 31. Nd5 Rf7 32. g4 Kf8 33. g5 Rd7 34. Rd1 Ne7 35. Nc3 Rxd1+ 36. Nxd1 Kf7 37. Kg2 Ke6 38. Kf3 Ke5 39. Ke2 Nd5 40. f4+ Kd6 41. a3 c5 42. Kd3 b5 43. h4 a5 44. Nb2 Nb6 45. Kc3 Kd5 46. Kd3 a4 47. bxa4 Nxa4 48. Nd1 c4+ 49. Ke2 Kc5 50. Kd2 b4 51. axb4+ Kxb4 52. Nf2 Nc5 53. Kc2 c3 54. Nh3 Kc4 55. Nf2 Na6 56. Kd1 Nb4 57. h5 Nd3 58. Nh3 Kb3 0-1


[Site "https://www.chess.com"]

[Event "Titled Tuesday Blitz January 03 Early 2023"]
[White "Ilinca Ilinca, Felix Antonio"]
[Black "Ehlvest, Jaan"]
[WhiteFideId "54764998"]
[BlackFideId "4500016"]
[WhiteElo "2266"]
[BlackElo "2530"]
[Result "1-0"]
[Round "01"]
[TimeControl "180+2"]
[Date "2023.01.03"]
[WhiteClock "0:00:16"]
[BlackClock "0:00:02"]

1. c4 e6 2. Nc3 b6 3. d4 Bb4 4. e3 Bb7 5. Ne2 Nf6 6. a3 Be7 7. Ng3 O-O 8. e4 d5 9. e5 Ne4 10. Ngxe4 dxe4 11. Be2 Nd7 12. Bf4 f5 13. exf6 Bxf6 14. Be3 c5 15. O-O cxd4 16. Bxd4 Nc5 17. Bxf6 Qxf6 18. Qc2 Rad8 19. Rad1 Nd3 20. g3 Qg6 21. Rd2 Nxf2 22. Rxd8 Nh3+ 23. Kg2 e3+ 24. Bf3 Qxc2+ 25. Kxh3 Rxd8 26. Bxb7 h5 27. Bf3 Qf5+ 28. Kg2 Rd2+ 29. Kg1 Qe5 30. Ne4 Rxb2 31. Re1 Qd4 32. Kh1 1-0


[Site "https://www.chess.com"]

[Event "Titled Tuesday Blitz January 03 Early 2023"]
[White "Horobetz, Graham"]
[Black "Corredor Castellanos, Camilo"]
[WhiteFideId "2047322"]
[BlackFideId "4425871"]
[WhiteElo "2140"]
[BlackElo "1957"]
[Result "0-1"]
[Round "01"]
[TimeControl "180+2"]
[Date "2023.01.03"]
[WhiteClock "0:00:02"]
[BlackClock "0:00:21"]

1. e4 c5 2. Nf3 d6 3. d4 cxd4 4. Nxd4 Nf6 5. Nc3 a6 6. f3 e5 7. Nb3 Be6 8. Be3 h5 9. Nd5 Bxd5 10. exd5 Nbd7 11. c4 a5 12. Rc1 a4 13. Na1 g6 14. Qd2 h4 15. Be2 Ng8 16. O-O f5 17. f4 Ngf6 18. fxe5 Nxe5 19. Nc2 Ne4 20. Qb4 h3 21. g3 Bh6 22. Qxb7 Bxe3+ 23. Nxe3 O-O 24. Rf4 Rb8 25. Qa7 Rxb2 26. Bf1 Qg5 27. Nxf5 gxf5 28. Qe3 Ng4 29. Qd4 Nxh2 30. Qxb2 Qxg3+ 31. Kh1 Qxf4 0-1


[Site "https://www.chess.com"]

[Event "Titled Tuesday Blitz January 03 Early 2023"]
[White "Torres Dominguez, David"]
[Black "Mihajlov, Sebastian"]
[WhiteFideId "2220857"]
[BlackFideId "1512110"]
[WhiteElo "1994"]
[BlackElo "2373"]
[Result "1-0"]
[Round "01"]
[TimeControl "180+2"]
[Date "2023.01.03"]
[WhiteClock "0:01:57"]
[BlackClock "0:01:53"]

1. e4 c5 2. Nc3 d6 3. f4 g6 4. Nf3 Bg7 5. Bb5+ Nc6 6. Bxc6+ bxc6 7. O-O Nf6 8. d3 Qc7 9. Bd2 Rb8 10. b3 O-O 11. Qe1 d5 12. e5 Ng4 13. h3 Nh6 14. Na4 c4 15. Ba5 Qb7 16. Nc5 Qb5 17. b4 cxd3 18. cxd3 1-0


[Site "https://www.chess.com"]

[Event "Titled Tuesday Blitz January 03 Early 2023"]
[White "Florescu, Codrut-Constantin"]
[Black "Fernandez Hernandez, Gerardo"]
[WhiteFideId "1202200"]
[BlackFideId "2207400"]
[WhiteElo "2259"]
[BlackElo "2181"]
[Result "1-0"]
[Round "01"]
[TimeControl "180+2"]
[Date "2023.01.03"]
[WhiteClock "0:01:31"]
[BlackClock "0:00:01"]

1. e4 e6 2. d4 d5 3. e5 c5 4. c3 Nc6 5. Nf3 Qb6 6. a3 f6 7. Bd3 fxe5 8. Nxe5 Nf6 9. O-O cxd4 10. cxd4 Bd6 11. Nxc6 bxc6 12. Nc3 Ba6 13. Re1 Bxd3 14. Qxd3 Kf7 15. Bg5 Rae8 16. Re2 c5 17. Na4 c4 18. Qe3 Qc6 19. Bxf6 Qxa4 20. Be5 Qd7 21. Rae1 Bxe5 22. Qxe5 Re7 23. Re3 Rhe8 24. h4 Kg8 25. h5 Qc7 26. Qg5 Qd6 27. h6 g6 28. Qg4 Rf7 29. Rxe6 Rxe6 30. Rxe6 1-0


[Site "https://www.chess.com"]

[Event "Titled Tuesday Blitz January 03 Early 2023"]
[White "Ardila, Oscar Humberto"]
[Black "MKlose11"]
[WhiteFideId "4404742"]
[WhiteElo "1982"]
[BlackElo "2554"]
[Result "0-1"]
[Round "01"]
[TimeControl "180+2"]
[Date "2023.01.03"]
[WhiteClock "0:00:11"]
[BlackClock "0:01:17"]

1. d4 Nf6 2. c4 c5 3. d5 b5 4. cxb5 a6 5. e3 g6 6. Nc3 Bg7 7. Nf3 O-O 8. Be2 d6 9. O-O Nbd7 10. a4 axb5 11. Bxb5 Ba6 12. Qe2 Qb6 13. Bd2 Rfb8 14. b3 Bxb5 15. Nxb5 Nxd5 16. Rad1 Nc7 17. Nxc7 Qxc7 18. Rb1 Rb7 19. Qd3 Rab8 20. Rfc1 Qd8 21. Be1 h6 22. Nd2 Ne5 23. Qc2 Qd7 24. f4 Ng4 25. Bf2 Qe6 26. Re1 Nf6 27. h3 Nd5 28. Nc4 Nb4 29. Qd2 Qe4 30. Red1 Qc2 31. Na3 Qxd2 32. Rxd2 Na6 33. Nb5 Nc7 34. Nxc7 Rxc7 35. Ra2 Rcb7 36. Ra3 c4 37. a5 Rxb3 38. Raxb3 Rxb3 39. Rc1 d5 40. e4 e6 41. exd5 exd5 42. Rd1 c3 43. Rxd5 c2 44. Rd8+ Kh7 45. Rc8 Rb1+ 46. Kh2 c1=Q 0-1


[Site "https://www.chess.com"]